[Event "Late-Titled-Tuesday-Blitz-October-03-2023"]
[Site "Chess.com"]
[Date "2023.10.03"]
[Round "8"]
[White "MikaelyanArman"]
[Black "RichardLeyvaP"]
[Result "0-1"]
[WhiteElo "2830"]
[BlackElo "2621"]
[TimeControl "180+1"]
[EndTime "15:25:21 PDT"]
[Termination "RichardLeyvaP won by checkmate"]

1. e4 e5 2. Bc4 Nf6 3. d3 c6 4. Nf3 Be7 5. O-O d6 6. a4 h6 7.
Nbd2 b6 8. c3 a6 9. d4 Qc7 10. Re1 Nbd7 11. Nf1 Nf8 12. Ng3 Ng6 13. Nf5 O-O 14. Bb3 Re8 15. h4 Bf8 16. Bc2 Bd7 17.
h5 Ne7 18. N3h4 Nxf5 19. Nxf5 Bxf5 20. exf5 exd4 21. cxd4 Rxe1+ 22. Qxe1 d5 23. Qd1 a5 24. Be3 Bd6 25. Qf3 Re8 26. Bd3 Qd7 27. Rc1 Bb8 28.
g3 Qd6 29. Bf4 Qd7 30. Be3 Bd6 31. Kg2 Ne4 32. Rc2 f6 33. b3 Ng5 34. Qg4 Nf7 35. Bf1 Re4 36. Qf3 Re8 37. Bd3 Rc8 38.
Qg4 Bf8 39. Qf3 Nd6 40. g4 Nf7 41. Bf4 Bd6 42. Be3 Bb8 43. Kf1 Qd6 44. Ke1 Re8 45. Kd2 Qd7 46. Kc1 Bd6 47. Kb2 Bb4 48. Bf4 c5 49.
Bb5 Qd8 50. Bxe8 Qxe8 51. Qxd5 cxd4 52. Qe6 Bc3+ 53. Ka2 Qf8 54. Qxb6 Kh7 55. Qb5 Qe7 56. Qd3 Qe1 57. Bc1 Ne5 58. Qb5 Qd1 59. Qe2 Qg1 60.
Bb2 d3 61. Rc1 Qxc1 62. Qxd3 Qxb2# 0-1

[Event "Late-Titled-Tuesday-Blitz-October-03-2023"]
[Site "Chess.com"]
[Date "2023.10.03"]
[Round "8"]
[White "McCarthyStone"]
[Black "AleksandrAleksikov"]
[Result "1-0"]
[WhiteElo "2383"]
[BlackElo "2204"]
[TimeControl "180+1"]
[EndTime "15:25:21 PDT"]
[Termination "McCarthyStone won on time"]

1. c4 Nf6 2. Nc3 g6 3. g3 Bg7 4.
Bg2 d6 5. e4 O-O 6. Nge2 c6 7.
O-O Be6 8. d3 Qc8 9. Nf4 Bd7 10.
Rb1 e5 11. Nfe2 Bh3 12. b4 Bxg2 13. Kxg2 d5 14. Bg5 d4 15. Na4 b6 16. Qd2 Qe6 17. h3 Nbd7 18. Ng1 Kh8 19. Bh6 Ng8 20. Bxg7+ Kxg7 21. f4 f6 22. f5 Qf7 23. fxg6 hxg6 24. Rf2 Qe6 25. Rbf1 Ne7 26. Nb2 Rh8 27. h4 Rh5 28. Qe2 Rah8 29. a4 Kf7 30. Nh3 Ke8 31. c5 g5 32. Nc4 gxh4 33. Nd6+ Kd8 34. g4 Rg8 35. Nf5 Nxf5 36. exf5 Qd5+ 37. Kh2 Rh7 38.
cxb6 axb6 39. Rc1 Ke7 40. Qc2 Rxg4 41. Qxc6 Qxc6 42. Rxc6 Rg3 43. Re6+ Kf7 44. Rc2 Rhg7 45. Rc7 Kg8 46. Re8+ Nf8 47. Rcc8 Rf7 48. Nf2 Rf3 49. Ng4 Kg7 50. Nxf6 Kxf6 51. Rxf8 Rxf5 52. Rc6+ Kg7 53. Rxf7+ Rxf7 54. Rxb6 Rf3 55. a5 1-0

[Event "Late-Titled-Tuesday-Blitz-October-03-2023"]
[Site "Chess.com"]
[Date "2023.10.03"]
[Round "8"]
[White "Horokoskii"]
[Black "falzehope0"]
[Result "1-0"]
[WhiteElo "2122"]
[BlackElo "2340"]
[TimeControl "180+1"]
[EndTime "15:25:25 PDT"]
[Termination "Horokoskii won by resignation"]

1. c4 e6 2. Nc3 d5 3. d4 f5 4. g3 c6 5. Bg2 Bd6 6. Nh3 Nf6 7. Bf4 Be7 8. O-O O-O 9. Rc1 Nbd7 10. b3 Nh5 11. Be3 g5 12. Rc2 f4 13. gxf4 gxf4 14.
Bc1 Kh8 15. e4 dxc4 16. Qxh5 Nf6 17. Qd1 cxb3 18. axb3 Rg8 19. Bxf4 e5 20. Bg3 exd4 21. Nb1 Bxh3 22. Bxh3 Nxe4 23. Kh1 Nxg3+ 24. fxg3 Bf6 25.
Rcf2 Bg7 26. Nd2 Re8 27. Nc4 a5 28. Bg2 a4 29. bxa4 Qe7 30. a5 Qb4 31. Qd3 Qb5 32.
Qc2 d3 33. Qxd3 Rxa5 34. Qc2 Raa8 35. Nd6 Qa4 36. Qxa4 Rxa4 37. Nxe8 h6 38. Nxg7 Kxg7 39. Rf7+ Kg6 40. Rxb7 Rc4 41. Rb6 Kg7 42. Rxc6 Rxc6 43. Bxc6 h5 44. Kg2 h4 45. gxh4 Kg6 46. Rd1 Kh5 47. Rd5+ Kxh4 48. Rd4+ Kh5 49. Kg3 Kg5 50. Rd5+ Kf6 51. Kf4 Ke7 52. Bd7 Kf7 53. Rf5+ Ke7 54. Be8 Ke6 55. h4 Ke7 56. h5 Ke6 57. h6 Ke7 58. h7 Ke6 59. h8=Q Ke7 60. Qg7+ Ke6 61.
Qg6+ Ke7 62. Rf7+ Kd8 63. Qd6+ 1-0

[Event "Late-Titled-Tuesday-Blitz-October-03-2023"]
[Site "Chess.com"]
[Date "2023.10.03"]
[Round "8"]
[White "MalcolmPein"]
[Black "Bodhanas"]
[Result "1-0"]
[WhiteElo "2308"]
[BlackElo "2138"]
[TimeControl "180+1"]
[EndTime "15:25:30 PDT"]
[Termination "MalcolmPein won by checkmate"]

1. d4 Nf6 2. Nc3 g6 3. e4 d6 4. f4 Bg7 5. Nf3 O-O 6. Bd3 c6 7. O-O Bg4 8. Be3 Nbd7 9. e5 dxe5 10. fxe5 Nd5 11. Nxd5 cxd5 12. h3 Bxf3 13. Qxf3 e6 14. c3 f6 15. exf6 Nxf6 16. Bg5 Qd7 17. Qe2 Nh5 18.
Rxf8+ Rxf8 19. Re1 e5 20. dxe5 Qe6 21. Qg4 Qxg4 22.
hxg4 Ng3 23. e6 Ne4 24. e7 Nxg5 25. e8=Q Rxe8 26. Rxe8+ Kf7 27. Rb8 b6 28. Rb7+ Kf6 29. Rxa7 Ne6 30. Rd7 Bh6 31. Rxd5 Be3+ 32. Kf1 Nf4 33. Rd7 Ke6 34. Bb5 h5 35. gxh5 gxh5 36. a3 Bc5 37. Rh7 Bd6 38. a4 Kf5 39. g3 Ng6 40.
Rxh5+ Kf6 41. Kg2 Ne5 42. Rh6+ Ke7 43. Rh7+ Kf6 44. Rb7 Bc5 45. b4 Be3 46. a5 bxa5 47. bxa5 Bc5 48. a6 Kf5 49. a7 Bxa7 50. Rxa7 Ke4 51. Re7 Kd5 52. Rxe5+ Kxe5 53. Kf3 Kf5 54. g4+ Kg5 55. c4 Kg6 56. c5 Kg5 57. c6 Kf6 58. c7 Kg5 59. c8=Q Kf6 60. Qf5+ Ke7 61.
g5 Kd8 62. Qh7 Kc8 63. g6 Kb8 64. g7 Ka8 65. g8=Q# 1-0

[Event "Late-Titled-Tuesday-Blitz-October-03-2023"]
[Site "Chess.com"]
[Date "2023.10.03"]
[Round "8"]
[White "azikom"]
[Black "artin10862"]
[Result "0-1"]
[WhiteElo "2593"]
[BlackElo "2814"]
[TimeControl "180+1"]
[EndTime "15:25:31 PDT"]
[Termination "artin10862 won on time"]

1. c4 Nf6 2. Nc3 g6 3. g3 Bg7 4.
Bg2 O-O 5. e3 d6 6. Nge2 e5 7.
d4 Nbd7 8. O-O Re8 9. b4 e4 10. b5 Nf8 11. a4 h5 12. Nf4 Bf5 13. Ba3 N8h7 14. c5 Bg4 15. Qc2 d5 16. c6 bxc6 17.
bxc6 g5 18. Nfe2 Bf3 19. Rfb1 h4 20. Rb7 a6 21. Rab1 Qc8 22. Qd1 Re6 23. Qb3 Rxc6 24. Nxd5 Nxd5 25. Qxd5 Rf6 26. Nc3 Qg4 27. h3 Qc8 28. g4 Re6 29. Bxf3 Nf6 30. Qf5 exf3 31.
Qxf3 c6 32. Kg2 Qe8 33. Bc5 Rd8 34. Rc7 Bf8 35. Bxf8 Qxf8 36. Rbb7 Rde8 37. Rxf7 Qxf7 38. Rxf7 Kxf7 39. a5 Kg6 40. Qf5+ Kh6 41. Na4 Ne4 42. Nc5 Rf6 43. Qd7 Rxf2+ 44. Kg1 Nf6 45. Qf7 Rf3 46. e4 Rg3+ 47. Kf1 Rf3+ 48. Kg1 Rf4 0-1

[Event "Late-Titled-Tuesday-Blitz-October-03-2023"]
[Site "Chess.com"]
[Date "2023.10.03"]
[Round "8"]
[White "GoldenShare"]
[Black "Byniolus"]
[Result "1-0"]
[WhiteElo "2589"]
[BlackElo "2742"]
[TimeControl "180+1"]
[EndTime "15:25:32 PDT"]
[Termination "GoldenShare won by resignation"]

1. e4 d6 2. d4 Nf6 3. Nc3 c6 4. f4 Qb6 5. Be2 e5 6. Nf3 Nbd7 7. O-O Be7 8. Kh1 O-O 9. Rb1 Re8 10. Be3 Ng4 11. Bg1 exf4 12. Bc4 Nf8 13. e5 d5 14. Bd3 Ne3 15. Bxe3 fxe3 16. Qe2 Be6 17. Qxe3 c5 18. Na4 cxd4 19. Nxb6 dxe3 20. Nxa8 Rxa8 21. Rfe1 Bc5 22. c3 Nd7 23. Bb5 Rc8 24. Rbd1 Nb6 25. Nd4 a6 26. Be2 Na4 27. Rb1 b5 28. Bd1 Nb6 29. Bb3 Nc4 30. Bxc4 bxc4 31. Rxe3 Rb8 32. Ree1 h6 33. b3 Bxd4 34. cxd4 c3 35. Rbc1 Rc8 36. Re3 c2 37. Rf3 g6 38. Kg1 Bf5 39. Kf1 Be4 40. Re3 Kf8 41. Kf2 Ke7 42. Rxe4 dxe4 43. Ke3 f5 44.
exf6+ Kxf6 45. Kxe4 Ke6 46. Kd3 Kd5 47. Rxc2 Rxc2 48.
Kxc2 Kxd4 49. Kd2 h5 50. h4 Ke4 51. b4 Kd4 52. Kc2 Kc4 53. a3 Kd4 54. Kb3 Ke3 55. a4 Kf2 56. b5 axb5 57. axb5 Kxg2 58. b6 Kh3 59. b7 Kxh4 60. b8=Q g5 61. Qh2+ 1-0

[Event "Late-Titled-Tuesday-Blitz-October-03-2023"]
[Site "Chess.com"]
[Date "2023.10.03"]
[Round "8"]
[White "Beca95"]
[Black "Jospem"]
[Result "0-1"]
[WhiteElo "3003"]
[BlackElo "3057"]
[TimeControl "180+1"]
[EndTime "15:25:34 PDT"]
[Termination "Jospem won on time"]

1. e4 c5 2. Nf3 d6 3. d4 cxd4 4. Nxd4 a6 5. Nc3 e6 6. Bc4 Nf6 7. Bb3 b5 8. Be3 Bd7 9. a3 Nc6 10. g4 h6 11. h4 Rc8 12. Rg1 h5 13. gxh5 Nxh5 14. Bg5 Nf6 15. Nxc6 Bxc6 16. Qd4 Be7 17. O-O-O Qc7 18. Kb1 a5 19. Rde1 Rb8 20. Nd5 Bxd5 21.
exd5 e5 22. Qd2 Kf8 23. f4 e4 24. f5 Rh7 25. Rg3 Qd7 26. Rf1 Qd8 27. Rc3 a4 28. Ba2 b4 29. axb4 Rxb4 30. Rc6 Rb8 31.
Qc3 Ne8 32. Rg1 Bf6 33. Bxf6 Nxf6 34. Qg3 Ne8 35. Qg5 Rxh4 36. Qxd8 Rxd8 37. Rc4 Ra8 38. Rb4 Rf4 39. Re1 Nf6 40. Rb6 Rd8 41. Rb4 a3 42. bxa3 Rxf5 43. a4 Ra8 44. Rd4 Re5 45.
Bb3 Rae8 46. Rb4 Nd7 47. a5 Nc5 48. Rb5 Ra8 49. Bc4 Ke7 50. Kb2 f5 51. Rg1 Kf7 52.
Kc1 e3 53. Rb6 Re4 54. Bd3 Nxd3+ 55. cxd3 Ra4 56. Rb7+ Kf6 57. Rgxg7 Ke5 58. Rge7+ Kd4 59. Kb2 R8xa5 60. Kc2 Ra2+ 61. Rb2 Rxb2+ 62. Kxb2 Kxd3 0-1

[Event "Late-Titled-Tuesday-Blitz-October-03-2023"]
[Site "Chess.com"]
[Date "2023.10.03"]
[Round "8"]
[White "vugarrasulov"]
[Black "Polish_fighter3000"]
[Result "1-0"]
[WhiteElo "2979"]
[BlackElo "3061"]
[TimeControl "180+1"]
[EndTime "15:25:34 PDT"]
[Termination "vugarrasulov won on time"]

1. e4 c5 2. Nf3 d6 3. Bb5+ Nc6 4. O-O Nf6 5. Re1 e5 6. c3 a6 7. Bxc6+ bxc6 8. d4 Qc7 9. dxe5 dxe5 10. Nbd2 Be7 11. Nc4 Nd7 12. Qa4 a5 13. Be3 O-O 14. Rad1 Ba6 15.
Nfd2 Bb5 16. Qc2 Rfe8 17. a4 Ba6 18. b3 Nf8 19. Nf3 f6 20. Rd2 Bc8 21. h3 Be6 22. Red1 Reb8 23. Rd3 Rb7 24. Ncd2 Rab8 25. c4 Bf7 26.
Nf1 Ne6 27. Ng3 Nd4 28. Bxd4 cxd4 29. Nd2 Be6 30. Nf5 Bf8 31. g4 g6 32. Ng3 Bh6 33.
Ndf1 Rb4 34. Ne2 Qb6 35. Nd2 Kf7 36. f4 Bxf4 37. Nxf4 exf4 38. e5 h5 39. Rf1 fxe5 40. Nf3 Rxb3 41. Nxe5+ Kf6 42. Rxb3 Qxb3 43. Qxg6+ Kxe5 44. Re1+ Qe3+ 45. Rxe3+ dxe3 46. Qg5+ Ke4 47. Qg6+ Kf3 48.
Qxe6 Rb1+ 49. Kh2 Rb2+ 50. Kg1 e2 51. Qxc6+ Kg3 52. Qg2+ Kh4 53. Qf2+ Kxh3 54. Qf3+ Kh4 55. Kf2 hxg4 56. Qxf4 e1=Q+ 57. Kxe1 Rb4 58. Qh2+ Kg5 59. Qe5+ Kh4 60. Qxa5 Rxc4 61. Qd8+ Kh3 62. Qd3+ g3 63. Qxc4 g2 64. Kf2 1-0

[Event "Late-Titled-Tuesday-Blitz-October-03-2023"]
[Site "Chess.com"]
[Date "2023.10.03"]
[Round "8"]
[White "chosenpr"]
[Black "Defenstrator"]
[Result "0-1"]
[WhiteElo "2243"]
[BlackElo "2426"]
[TimeControl "180+1"]
[EndTime "15:25:38 PDT"]
[Termination "Defenstrator won by resignation"]

1. e4 c5 2. Nf3 d6 3. d4 cxd4 4. Qxd4 Nc6 5. Qe3 Nf6 6. Be2 g6 7. O-O Bg7 8. h3 O-O 9. c4 Be6 10. Nc3 Rc8 11. Rb1 Nd7 12. b3 Nde5 13. Bb2 Nxf3+ 14.
Bxf3 Nd4 15. Nd5 Nxf3+ 16. Qxf3 Bxd5 17. exd5 Qa5 18. Bxg7 Kxg7 19. Qe2 Rc7 20. b4 Qa6 21. Rfc1 Rfc8 22. Qd3 Qxa2 23. Qd4+ Kg8 24. Ra1 Qb3 25.
Rxa7 Qxb4 26. Qe3 Rxc4 27. Rxc4 Qxc4 28. Rxb7 Qc1+ 29. Kh2 Qxe3 30. fxe3 Kf8 31. Kg3 Rc3 32. Kf4 f5 33. g4 Rc4+ 34. Kf3 Rc5 35. e4 Rc3+ 36.
Kf4 fxe4 37. Kxe4 Rxh3 38. Kf4 Rd3 39. Ke4 Rd1 40. g5 Re1+ 41. Kf4 Re5 42. Rb5 Rf5+ 43.
Kg4 Kf7 44. Ra5 Re5 45. Rb5 Re4+ 46. Kf3 Rd4 47. Ke3 Rg4 48. Kf3 Rxg5 49. Kf4 Rf5+ 50. Kg4 h5+ 51. Kh4 Rf4+ 52. Kg3 Rg4+ 53. Kh3 Rd4 54. Kg3 Kf6 55. Kf3 Ke5 56. Rb7 Kf6 57.
Rb5 h4 58. Ke3 Ra4 59. Kf3 g5 60. Rb8 g4+ 61. Kg2 Ra2+ 62. Kg1 h3 63. Rg8 Kf5 64.
Rf8+ Kg5 65. Rg8+ Kf4 66. Rf8+ Kg3 67. Kf1 h2 68. Rh8 h1=Q+ 69. Rxh1 Ra1+ 70. Ke2 Rxh1 71. Kd3 Rd1+ 0-1

[Event "Late-Titled-Tuesday-Blitz-October-03-2023"]
[Site "Chess.com"]
[Date "2023.10.03"]
[Round "8"]
[White "Denis_Makhnyov"]
[Black "sergoy"]
[Result "0-1"]
[WhiteElo "2945"]
[BlackElo "3020"]
[TimeControl "180+1"]
[EndTime "15:25:39 PDT"]
[Termination "sergoy won on time"]

1. f4 d5 2. Nf3 Nf6 3. g3 g6 4.
Bg2 Bg7 5. O-O O-O 6. d3 c5 7. Qe1 d4 8. e4 dxe3 9. Nc3 Nc6 10. Bxe3 Nd4 11. Qd2 Rb8 12. Rae1 b5 13. Kh1 Bb7 14. Ne5 e6 15. Nd1 Qc7 16. c3 Nf5 17. Bg1 Rfd8 18. Ne3 Ne4 19. Qc2 Nfxg3+ 20. hxg3 Nxg3+ 21. Kh2 Nxf1+ 22. Nxf1 Bxg2 23. Kxg2 f6 24. Nf3 Qxf4 25.
Ne3 Qd6 26. Ng4 e5 27. Nf2 Qd5 28. Ne4 c4 29. dxc4 bxc4 30. Bxa7 Rb7 31. Be3 Rdb8 32.
Bc1 f5 33. Ng3 e4 34. Nd4 e3+ 35. Nf3 f4 36. Qe4 Qxe4 37. Nxe4 h6 38. Rg1 g5 39. Kh3 Re7 40. Nd6 Kh7 41. Nxc4 Bf6 42. a4 Kg6 43.
Nh4+ Kh7 44. Nf3 Kg6 45. Nh4+ Kf7 46. Nf5 Rd7 47. Nxh6+ Ke6 48. Ng4 Be7 49. Kg2 Kf5 50. Kf3 Rh8 51. Nce5 Rd5 52. c4 Rxe5 53. Nxe5 Kxe5 54.
b3 Kf5 55. a5 Rh3+ 56. Ke2 g4 57.
Kd3 Bc5 58. a6 e2+ 59. Kxe2 Bxg1 60. b4 f3+ 61. Kf1 Rh1 0-1

[Event "Late-Titled-Tuesday-Blitz-October-03-2023"]
[Site "Chess.com"]
[Date "2023.10.03"]
[Round "8"]
[White "Arystanner"]
[Black "as9killer2"]
[Result "1/2-1/2"]
[WhiteElo "2828"]
[BlackElo "2525"]
[TimeControl "180+1"]
[EndTime "15:25:40 PDT"]
[Termination "Game drawn - insufficient material"]

1. e4 d6 2. d4 Nf6 3. Nc3 e5 4.
Nf3 Nbd7 5. h3 Be7 6. g4 h6 7.
Rg1 c6 8. Be3 Qc7 9. Qd2 Nf8 10.
g5 hxg5 11. Nxg5 b5 12. a4 b4 13. Ne2 d5 14. dxe5 Qxe5 15. Bd4 Qc7 16. e5 Nh5 17.
O-O-O c5 18. Be3 d4 19. Nxd4 cxd4 20. Bxd4 Bxg5 21. Rxg5 Ne6 22. Bb5+ Bd7 23. Bb6 axb6 24. Bxd7+ Ke7 25. Bxe6 Rxa4 26. Kb1 Rha8 27. Ba2 Rxa2 28.
Qxb4+ Qc5 29. Qxc5+ bxc5 30. c3 Ra1+ 31. Kc2 Rxd1 32. Kxd1 g6 33. e6 Ra1+ 34. Kc2 Kxe6 35. Rxc5 Rf1 36. b4 Rxf2+ 37. Kb3 Nf4 38. b5 Nd3 39.
Rc8 Rb2+ 40. Kc4 Ne5+ 41. Kc5 Kd7 42. Ra8 Rb3 43. Ra7+ Ke6 44. Ra6+ Kf5 45. c4 Rc3 46. Ra4 Ke6 47. Ra6+ Kd7 48. Kd4 Rxc4+ 49. Kxe5 Rc5+ 50. Kf6 Rf5+ 51. Kg7 Kc7 52. Rf6 Rxb5 53. Rxf7+ Kd6 54.
Kxg6 Rb3 55. h4 Rg3+ 56. Kf5 Rf3+ 57. Kg6 Rg3+ 58. Kf6 Rf3+ 59. Kg7 Rg3+ 60. Kf8 Ke6 61. h5 Rh3 62. Rh7 Kf6 63. h6 Kg6 64. Rg7+ Kxh6 65. Ra7 Rf3+ 66. Rf7 Rxf7+ 67. Kxf7 1/2-1/2

[Event "Late-Titled-Tuesday-Blitz-October-03-2023"]
[Site "Chess.com"]
[Date "2023.10.03"]
[Round "8"]
[White "ChristopherYoo"]
[Black "FairChess_on_YouTube"]
[Result "1-0"]
[WhiteElo "3006"]
[BlackElo "3039"]
[TimeControl "180+1"]
[EndTime "15:25:42 PDT"]
[Termination "ChristopherYoo won by checkmate"]

1. e4 e6 2. d3 d5 3. Nd2 Nc6 4.
Ngf3 Bd6 5. g3 Nge7 6. Bg2 O-O 7. O-O dxe4 8. dxe4 e5 9. Nc4 Be6 10. Qe2 Ng6 11.
c3 Qe7 12. b4 Rad8 13. a4 f6 14. Ba3 Qf7 15. Nfd2 Nce7 16. Rfd1 Kh8 17. h4 Ng8 18. Nxd6 cxd6 19. b5 Nh6 20. Nf1 Qc7 21. Ne3 Rd7 22.
c4 b6 23. Rac1 Rc8 24. Nd5 Qd8 25. Nb4 Ne7 26. Qd3 Nf7 27. Rc3 Rdc7 28. Rdc1 Qd7 29. Nd5 Bxd5 30. cxd5 Rxc3 31. Rxc3 Rxc3 32. Qxc3 g6 33.
Kh2 Kg8 34. Bh3 f5 35. f3 Qd8 36. Bc1 h6 37. Be3 Qd7 38. Qc4 Qd8 39. Kg2 Kg7 40. Bf2 Qd7 41. Be1 Qd8 42. Bc3 Kg8 43. Kf2 h5 44. Bf1 Qf8 45. Kg2 fxe4 46. fxe4 Nh6 47. Be2 Ng4 48. Bxg4 hxg4 49. Qe2 Qc8 50. Qd3 Qc5 51.
Bd2 Kg7 52. Kf1 Ng8 53. Kg2 Nf6 54.
Kf1 Nh5 55. Kg2 Qc8 56. Kf1 Qf8+ 57. Kg2 Qc8 58. Kf1 Qc5 59. Kg2 Nf6 60. Kf1 Qc8 61. Kg2 Nd7 62. Kf2 Nc5 63. Qe3 Nb3 64. Qxb3 Qc5+ 65.
Qe3 Qc2 66. Qh6+ Kf6 67. Qf8# 1-0

[Event "Late-Titled-Tuesday-Blitz-October-03-2023"]
[Site "Chess.com"]
[Date "2023.10.03"]
[Round "8"]
[White "RETURNOFTHELAGGER"]
[Black "Alexandr_Predke"]
[Result "0-1"]
[WhiteElo "2678"]
[BlackElo "2890"]
[TimeControl "180+1"]
[EndTime "15:25:42 PDT"]
[Termination "Alexandr_Predke won on time"]

1. e4 c5 2. Nf3 e6 3. d3 Nc6 4. g3 g6 5. Bg2 Bg7 6. c3 d6 7.
a3 Nf6 8. O-O O-O 9. Nbd2 Qc7 10. b4 b6 11. Rb1 Bb7 12. Bb2 Rad8 13. d4 cxd4 14. cxd4 Nb8 15. Rc1 Qd7 16. Re1 Rc8 17.
e5 dxe5 18. dxe5 Rxc1 19. Qxc1 Rc8 20. Qa1 Bxf3 21. Nxf3 Nd5 22. Ng5 Rc2 23. Ne4 Qa4 24.
Nf6+ Nxf6 25. exf6 Bf8 26. h4 Qb3 27. Bd4 Nc6 28. Be3 h5 29. Rb1 Qc3 30. Rd1 Qxa1 31. Rxa1 Ne5 32. Rd1 Ng4 33. Bg5 Rc8 34. Rd7 a5 35.
bxa5 bxa5 36. a4 Bc5 37. Bb7 Bxf2+ 38. Kg2 Re8 39. Bf3 Bc5 40. Rb7 Bb4 41. Rb5 Rc8 42.
Bxg4 hxg4 43. Bh6 Kh7 44. Bg7 Bf8 45. h5 Bxg7 46. hxg6+ Kxg6 47. fxg7 Kxg7 48. Rxa5 f5 49. Kf2 Kf6 50. Ke3 Rc3+ 51. Kf2 Rf3+ 52. Kg2 Ra3 53. Ra8 Ra2+ 54. Kg1 Ke5 55. a5 Ke4 56. a6 Kf3 57. a7 Kxg3 58. Kf1 f4 59. Ke1 f3 60. Re8 Rxa7 61. Rxe6 Ra1+ 62. Kd2 f2 0-1

[Event "Late-Titled-Tuesday-Blitz-October-03-2023"]
[Site "Chess.com"]
[Date "2023.10.03"]
[Round "8"]
[White "Anton_Demchenko"]
[Black "Djager97"]
[Result "1-0"]
[WhiteElo "2903"]
[BlackElo "2550"]
[TimeControl "180+1"]
[EndTime "15:25:42 PDT"]
[Termination "Anton_Demchenko won by resignation"]

1. e4 e6 2. d3 d5 3. Nd2 Nf6 4. e5 Nfd7 5. f4 c5 6. Ndf3 Nc6 7. Nh3 f6 8. exf6 Nxf6 9. g3 Bd6 10. Bg2 O-O 11. O-O e5 12. fxe5 Nxe5 13. Nf2 Nfg4 14. Nxe5 Nxe5 15. Bxd5+ Kh8 16. Be4 Bf5 17. Bf4 Ng6 18.
Bxd6 Qxd6 19. Qh5 Bxe4 20. Nxe4 Qd4+ 21. Kh1 Qxb2 22. Ng5 h6 23. Ne6 Rf6 24. Rae1 Re8 25. Nf4 Rxe1 26. Nxg6+ Rxg6 27. Rxe1 Kh7 28. Qxc5 Qxa2 29.
Re8 Qf7 30. Rf8 Qe6 31. Qxa7 Qe2 32. Qf2 Qd1+ 33. Kg2 b5 34. Rf4 Re6 35. Re4 Rf6 36.
Qe2 Qc1 37. Re3 Rf5 38. Rf3 Rxf3 39. Kxf3 Qb2 40. h4 Qf6+ 41. Kg2 Qc6+ 42. Qe4+ Qxe4+ 43. dxe4 Kg6 44. Kf3 Kf6 45. Kf4 g5+ 46. hxg5+ hxg5+ 47. Kg4 Ke5 48. Kxg5 b4 49. g4 Kd4 50. Kf6 Kc3 51.
g5 Kxc2 52. g6 b3 53. g7 b2 54. g8=Q b1=Q 55. Qc8+ Kd2 56. e5 Qf1+ 57. Qf5 Qa6+ 58. e6 Qd6 59. Kf7 Kc3 60. e7 Qc7 61. Kf8 Qd6 62. Qf7 Kb2 63. Kg8 Qg3+ 64. Qg7+ Qxg7+ 65. Kxg7 1-0

[Event "Late-Titled-Tuesday-Blitz-October-03-2023"]
[Site "Chess.com"]
[Date "2023.10.03"]
[Round "8"]
[White "Inepton_Fermion"]
[Black "Maestro1986"]
[Result "0-1"]
[WhiteElo "2414"]
[BlackElo "2564"]
[TimeControl "180+1"]
[EndTime "15:25:43 PDT"]
[Termination "Maestro1986 won on time"]

1. Nf3 Nf6 2. b3 g6 3. Bb2 Bg7 4. g3 O-O 5. Bg2 d6 6. d4 c6 7.
O-O Bf5 8. c4 Qc8 9. Re1 Bh3 10.
Bh1 d5 11. Nc3 Qf5 12. Ne5 Nbd7 13. cxd5 Nxe5 14. dxe5 Ng4 15. f4 Bxe5 16. Bf3 Ne3 17. Qd2 Bc7 18. Na4 b5 19. Qxe3 bxa4 20. dxc6 a3 21. Be5 Bb6 22. Bd4 Bc7 23. Be5 Bb6 24. Bd4 Ba5 25. Red1 Rfd8 26. Qf2 Qc2 27. e3 Qf5 28. g4 Bxg4 29. Bxg4 Qxg4+ 30. Qg2 Qe6 31. Rac1 Rac8 32. Kh1 a6 33. Rc4 Bb6 34. Rdc1 Bxd4 35. exd4 Rd5 36. Qf3 Qd6 37. Rc5 Rxd4 38. Kg2 Rd3 39.
Qf2 Rd2 40. Kg1 Rxf2 41. Kxf2 Qxf4+ 42. Kg1 Qe3+ 43. Kh1 Qe4+ 44. Kg1 Qg4+ 45. Kh1 Rc7 46. R5c4 Qf3+ 47. Kg1 e5 48. R4c3 Qd5 49. Kf2 f5 50.
Rc5 Qd4+ 51. Kf1 e4 52. R5c2 Qd3+ 53. Ke1 e3 54. Re2 f4 55. Rd1 Qc3+ 56. Kf1 f3 57. Rd8+ Kf7 58. Re1 e2+ 59. Kg1 Qe3+ 60. Kh1 f2 61.
Rf8+ Kxf8 62. Rc1 Qxc1+ 0-1

[Event "Late-Titled-Tuesday-Blitz-October-03-2023"]
[Site "Chess.com"]
[Date "2023.10.03"]
[Round "8"]
[White "Nf3c5"]
[Black "littlepinkyboy"]
[Result "0-1"]
[WhiteElo "2563"]
[BlackElo "2430"]
[TimeControl "180+1"]
[EndTime "15:25:43 PDT"]
[Termination "littlepinkyboy won on time"]

1. e4 e6 2. d4 d5 3. e5 c5 4.
c3 Nc6 5. Nf3 Bd7 6. Bd3 Nge7 7. O-O Ng6 8. Re1 Be7 9. dxc5 Bxc5 10. g3 Qc7 11. Qe2 a5 12. a4 Nge7 13. Na3 Na7 14.
Nc2 Nac6 15. Bf4 h6 16. h4 O-O 17. h5 Qb6 18. Na3 f6 19. Kg2 fxe5 20. Nxe5 Nxe5 21. Qxe5 Bxf2 22. Re2 Bc5 23. Nb5 Nc6 24. Qc7 Rad8 25.
Rae1 e5 26. Qxb6 Bxb6 27. Bxe5 Bg4 28. Bf4 Bxe2 29. Rxe2 Rfe8 30. Rd2 Re1 31. Bg6 Be3 32. Bxe3 Rxe3 33. Kf2 Re5 34. Kg2 Ne7 35. Nd4 Nxg6 36. hxg6 Rd6 37. Nf3 Ree6 38. c4 dxc4 39. Rc2 Rc6 40. Nd4 Rxg6 41. Nxc6 Rxc6 42. Kf3 Kf7 43.
Ke4 Ke6 44. Kd4 Kf5 45. Re2 g5 46. Re4 c3 47. g4+ Kf6 48. bxc3 b6 49. Re8 Kg6 50. Rb8 h5 51. gxh5+ Kxh5 52. c4 g4 53. Kd5 Rc5+ 54. Kd4 Rc6 55. Rh8+ Kg5 56. Rg8+ Rg6 57. Re8 g3 58.
Re1 Kg4 59. Ke4 Re6+ 0-1

[Event "Late-Titled-Tuesday-Blitz-October-03-2023"]
[Site "Chess.com"]
[Date "2023.10.03"]
[Round "8"]
[White "Rud_Makarian"]
[Black "KaydenTroffChess"]
[Result "0-1"]
[WhiteElo "2953"]
[BlackElo "2782"]
[TimeControl "180+1"]
[EndTime "15:25:48 PDT"]
[Termination "KaydenTroffChess won by resignation"]

1. d4 Nf6 2. c4 g6 3. Nc3 d5 4.
Bg5 Ne4 5. cxd5 Nxc3 6. bxc3 Qxd5 7. Nf3 Bg7 8. e3 Qa5 9. Qb3 Be6 10. Qb4 Qxb4 11. cxb4 Nd7 12. Bd3 c5 13. bxc5 Nxc5 14. Bb5+ Bd7 15. Bxd7+ Nxd7 16. Ke2 h6 17. Bf4 Rc8 18.
Rac1 O-O 19. Bc7 Nf6 20. Rc2 Nd5 21. Rhc1 b6 22. a3 f5 23. Be5 Rxc2+ 24. Rxc2 Bf6 25.
Rc6 Rd8 26. Kd3 Kf7 27. Kc4 Rd7 28. Kb5 g5 29. Bxf6 exf6 30. Nd2 Nc7+ 31. Kc4 Ne8 32.
Kd3 Rc7 33. Rxc7+ Nxc7 34. Kc4 Ke6 35. a4 Kd6 36. h3 a6 37. g4 b5+ 38. axb5 axb5+ 39. Kd3 fxg4 40. hxg4 Nd5 41. Ne4+ Ke7 42. Ng3 Kf7 43.
Nf5 Kg6 44. e4 Nf4+ 45. Kc3 h5 46. gxh5+ Kxh5 47. d5 Kg6 48. f3 Nxd5+ 49. exd5 Kxf5 50. Kb4 Ke5 51. Kc5 b4 52. d6 b3 53. d7 b2 54.
d8=Q b1=Q 55. Qc7+ Ke6 56. Qc8+ Kf7 57. Qd7+ Kg6 58. Qe8+ Kf5 59. Qe3 Qc2+ 60. Kd6 Qd1+ 61. Ke7 Qd5 62. Kf8 Qd8+ 63. Kg7 Qd7+ 64. Kh6 Qd5 65.
Kg7 Qe5 66. Qd2 Qe7+ 67. Kh6 Qf8+ 68. Kh7 Qf7+ 69. Kh8 Kg6 70. Qd3+ f5 71. Qd6+ Qf6+ 72. Qxf6+ Kxf6 0-1

[Event "Late-Titled-Tuesday-Blitz-October-03-2023"]
[Site "Chess.com"]
[Date "2023.10.03"]
[Round "8"]
[White "geordie_derraugh"]
[Black "carlospaul1990"]
[Result "0-1"]
[WhiteElo "2483"]
[BlackElo "2358"]
[TimeControl "180+1"]
[EndTime "15:25:55 PDT"]
[Termination "carlospaul1990 won by resignation"]

1. e4 c5 2. c3 Nf6 3. e5 Nd5 4. d4 cxd4 5. cxd4 d6 6. Nf3 Nc6 7. Bc4 Nb6 8. Bb5 dxe5 9. Nxe5 Bd7 10. Nxd7 Qxd7 11. Be3 a6 12. Bxc6 Qxc6 13. O-O e6 14. Nc3 Be7 15. Rc1 O-O 16. Qe2 Rac8 17. Rfd1 Nd5 18.
Qd3 Qc4 19. Qe4 Nxc3 20. bxc3 b5 21. Qb7 Ba3 22. Rc2 Qc6 23. Qxc6 Rxc6 24. Bc1 Bxc1 25.
Rdxc1 Rfc8 26. Kf1 Rc4 27. Ke2 Kf8 28. Kd3 Ke7 29.
Rb1 Kd6 30. f4 Kd5 31. g3 f6 32. a3 e5 33. fxe5 fxe5 34. dxe5 Kxe5 35. Re1+ Kd5 36.
Rf1 g6 37. Rf7 R8c7 38. Rxc7 Rxc7 39. Rf2 Re7 40. Rf6 Rd7 41. Rxa6 Kc5+ 42. Kc2 Rf7 43. Kb3 Rf2 44. h4 Rf3 45. Ra7 h5 46. Rc7+ Kb6 47.
Re7 Rxg3 48. Re6+ Kc5 49. Re5+ Kc6 50. Re6+ Kd5 51. Rf6 Rg4 52. Rb6 Kc5 53. Rf6 Kd5 54. Kc2 Kc5 55. Kd2 Kc4 56. Rc6+ Kb3 57. Rc5 Ka4 58.
Rc6 Kxa3 59. Kc2 Rg2+ 60. Kd3 Ka4 61. Kd4 Rg4+ 62. Kd5 Kb3 63. Ke5 Rc4 64. Rxg6 Kxc3 65. Kd5 Rxh4 66. Rg3+ Kb2 67. Kc5 b4 68. Rg2+ Ka3 69.
Rg3+ b3 70. Rg8 Ka2 71. Ra8+ Kb1 72. Rb8 b2 73. Kd5 Rh2 74. Ke5 Rc2 75. Kf5 Kc1 76.
Rxb2 Kxb2 77. Kg5 Rh2 0-1